 Dungeon Crawl Stone Soup version 0.20.1-1-g8b1a95d (console) character file.

55 Jazqa the Skirmisher (level 3, -8/33 HPs)
             Began as a Minotaur Fighter on Oct 24, 2017.
             Was an Initiate of the Shining One.
             Killed by nerve-wracking pain
             ... invoked by an orc priest
              (9 damage)
             ... on level 3 of the Dungeon.
             The game lasted 00:02:02 (844 turns).

Jazqa the Skirmisher (Minotaur Fighter)              Turns: 844, Time: 00:02:03

Health: -8/33      AC:  7    Str: 25    XL:     3   Next: 67%
Magic:  2/2        EV:  8    Int:  5    God:    the Shining One [......]
Gold:   96         SH: 10    Dex: 10    Spells: 2/2 levels left

rFire    . . .     SeeInvis .   a - +0 long sword
rCold    . . .     Gourm    .   c - +0 shield
rNeg     . . .     Faith    .   b - +0 scale mail
rPois    .         Spirit   .   (helmet restricted)
rElec    .         Reflect  .   (no cloak)
rCorr    .         Harm     .   (no gloves)
MR       .....                  (no boots)
Stlth    ..........             (no amulet)
Regen    0.2/turn               (no ring)
MPRegen  0.1/turn               (no ring)

@: mighty, glowing
A: retaliatory headbutt, horns 2
a: Renounce Religion


You were on level 3 of the Dungeon.
You worshipped the Shining One.
The Shining One was noncommittal.
You were not hungry.

You visited 1 branch of the dungeon, and saw 3 of its levels.

You collected 96 gold pieces.


Innate Abilities, Weirdness & Mutations

You reflexively headbutt those who attack you in melee.
You have a pair of horns on your head.


   Skills:
 + Level 4.2 Fighting
 + Level 3.0 Long Blades
 + Level 4.1 Armour
 + Level 1.0 Dodging
 + Level 4.1 Shields


You had 2 spell levels left.
You didn't know any spells.

Inventory:

Hand Weapons
 a - a +0 long sword (weapon)
Armour
 b - a +0 scale mail (worn)
 c - a +0 shield (worn)
Scrolls
 i - 2 scrolls of teleportation {unknown}
 j - 3 scrolls of identify {unknown}
 l - a scroll of remove curse {unknown}
Potions
 d - a potion of might
 e - 3 potions of agility {unknown}
 h - a potion of cancellation {unknown}
 k - a potion of heal wounds {unknown}
Comestibles
 f - a bread ration {@e1}
 g - 5 chunks of flesh
 m - a meat ration {@e1}

Dungeon Overview and Level Annotations

Branches:
Dungeon (3/15)

Altars:
The Shining One

#.....# #. #.###.###
###. #.# #....
.#o####### #.###.###
........ # #.....#
#.###......#.# ###.###
..............##.#
##.oo#.##.##.##.#
##..o@o.##.##.##.#
##.......##.##.##.#
#.........#.##.##.#
.).......(.#.##.##.#
##.........#.##.##.#####
##.......#.............
##......#.....##.#....
......................
##########.#.#.........


You could see an orc priest and 4 orcs.


Message History

You block the orc's attack. The orc barely misses you. You furiously retaliate!
You headbutt the orc, but do no damage. You block the orc's attack.
The orc priest calls upon Beogh to heal the orc.
The orc's wounds heal themselves!
You hear a shout!
You are too injured to fight recklessly!
Unknown command.
You feel very mighty all of a sudden. The orc hits you but does no damage.
The orc closely misses you.
The orc priest invokes the aid of Beogh against you.
Beogh smites you!
* * * LOW HITPOINT WARNING * * *
The orc closely misses you.
An orc comes into view.
You hit the orc.
The orc is heavily wounded.
You block the orc's attack. The orc barely misses you.
The orc hits you but does no damage.
Unknown command.
You closely miss the orc.
The orc is heavily wounded.
The orc hits you with a dagger of holy wrath.
* * * LOW HITPOINT WARNING * * *
You block the orc's attack. The orc hits you but does no damage.
Unknown command.
You slash the orc priest!
The orc priest is heavily wounded.
The orc priest calls down the wrath of Beogh upon you.
Pain shoots through your body!
You die...

Skill      XL: |  1  2  3 |
---------------+----------+-----
Fighting       | 4 |  4.2
Long Blades    | 3 |  3.0
Shields        | 4 |  4.1
Armour         | 4 |  4.1
Dodging        | 1 |  1.0

Action                   || total
-------------------------++-------
Melee: Long sword        ||   100
       Headbutt          ||    12
  Use: Potion            ||     1
Armor: Scale mail        ||    65
Dodge: Dodged            ||    32
Block: Shield            ||    56
       Rpst.: Long sword ||     7

Vault maps used:
D:1:      co_arrival_hexagon_in_a_hexagon
D:2:      tso_oasis_becter
D:3:      old_standard_altar

Notes
Turn   | Place    | Note
-------+----------+-------------------------------------------
     0 | D:1      | Jazqa the Minotaur Fighter began the quest for the Orb.
     0 | D:1      | Reached XP level 1. HP: 19/19 MP: 0/0
   164 | D:1      | Reached XP level 2. HP: 21/27 MP: 1/1
   500 | D:2      | Reached skill level 4 in Fighting
   500 | D:2      | Reached skill level 3 in Long Blades
   500 | D:2      | Reached skill level 4 in Shields
   500 | D:2      | Reached XP level 3. HP: 27/33 MP: 2/2
   722 | D:2      | Found a glowing golden altar of the Shining One.
   725 | D:2      | Became a worshipper of the Shining One
   766 | D:3      | Reached skill level 4 in Armour
   828 | D:3      | Reached skill level 1 in Dodging
   843 | D:3      | HP: 1/33 [orc/dagger of holy wrath (3)]
   844 | D:3      | Killed from afar by an orc priest

Vanquished Creatures
  An adder (D:2)
  An ooze (D:3)
  A worm (D:3)
  A dart slug (D:2)
  2 leopard geckos
  5 bats
  2 goblins
  6 hobgoblins
  6 kobolds
  2 ball pythons
  2 frilled lizards
  2 rats (D:1)
31 creatures vanquished.
